 Dungeon Crawl Stone Soup version 0.28.0-49-g6dfe1f597d (webtiles) character file.

Game seed: 10589787254331829996

164 Gabide the Poker (level 5, -1/28 HPs)
             Began as a Tengu Wanderer on May 19, 2022.
             Killed by nerve-wracking pain
             ... invoked by an orc priest
              (14 damage)
             ... on level 4 of the Dungeon.
             The game lasted 00:12:14 (4358 turns).

Gabide the Poker (Tengu Wanderer)                   Turns: 4358, Time: 00:12:15

Health: -1/28      AC:  6    Str:  9    XL:     5   Next: 45%
Magic:  7/7        EV: 13    Int:  7    God:
Gold:   66         SH:  0    Dex: 21    Spells: 5/6 levels left

rFire   . . .      SeeInvis .   a - +2 spear
rCold   . . .      Faith    .   (no shield)
rNeg    . . .      Spirit   .   c - +3 leather armour of Shielding {rElec rPois Int-3}
rPois   +          Reflect  .   (helmet restricted)
rElec   +          Harm     .   (no cloak)
rCorr   .          Rampage  .   (no gloves)
Will    .....                   (boots unavailable)
Stlth   ++........              (no amulet)
HPRegen 0.09/turn               (no ring)
MPRegen 0.10/turn               (no ring)

@: flying quickly and evasively, quick
A: beak, talons 3, nimble flight
a: no special abilities


You were on level 4 of the Dungeon.
You visited 1 branch of the dungeon, and saw 4 of its levels.

You collected 102 gold pieces.
You spent 36 gold pieces at shops.

Inventory:

Hand Weapons
 a - a +2 spear (weapon)
 d - the +4 whip "Hobropew" {freeze, rPois rN+}
   (You found it on level 3 of the Dungeon)

   It freezes those it strikes, dealing additional cold damage.
   It can also slow down cold-blooded creatures.
   rPois:     It protects you from poison.
   rN:        It protects you from negative energy.
 i - a +0 dagger of electrocution
Missiles
 b - 2 poisoned darts
 k - 2 javelins
 l - 4 boomerangs (quivered)
Armour
 c - the +3 leather armour of Shielding (worn) {rElec rPois Int-3}
   (You found it on level 2 of the Dungeon)

   Int:       It affects your intelligence (-3).
   rElec:     It insulates you from electricity.
   rPois:     It protects you from poison.
Scrolls
 e - a scroll of noise {unknown}
 f - 2 scrolls of magic mapping
 g - a scroll of silence
 h - a scroll of fear
 j - a scroll of holy word
 m - a scroll of fog
 o - a scroll of blinking {unknown}
Potions
 n - 2 potions of curing


   Skills:
 + Level 7.2 Polearms
 - Level 2.0 Throwing
 - Level 1.1 Dodging
 - Level 1.0 Stealth
 - Level 1.0 Spellcasting
 - Level 1.1 Fire Magic


You had 5 spell levels left.
You knew the following spells:

 Your Spells              Type           Power      Damage    Failure   Level
a - Foxfire               Conj/Fire      4%         2x1d4     43%         1

Your spell library contained the following spells:

 Spells                   Type           Power      Damage    Failure   Level
 Inner Flame              Hex/Fire       1%         N/A       82%         3
 Call Canine Familiar     Summ           0%         N/A       87%         3
 Portal Projectile        Hex/Tloc       0%         N/A       87%         3
 Leda's Liquefaction      Hex/Erth       0%         N/A       99%         4


Dungeon Overview and Level Annotations

Branches:
Dungeon (4/15)
 Temple: D:4-7

Altars:

Shops:
D:1 !   D:3 !*!*

Annotations:
D:3 Grinder


Innate Abilities, Weirdness & Mutations

You have a beak for a mouth.
You have claws for feet.
Your magical nature lets you fly swiftly and evasively.


Message History

You fly downwards.
The orc priest invokes the aid of Beogh against you.
Beogh smites you!
There is a stone staircase leading up, spattered with blood here.
The orc priest invokes the aid of Beogh against you.
You barely resist.
You fly upwards.
Level annotation: Grinder
There is a stone staircase leading down here.
Unknown command.
You start resting.
HP restored.
Okay, then.
Okay, then.
Unknown command.
You fly downwards.
The orc priest looks satisfied for a moment.
There is a stone staircase leading up, spattered with blood here.
You reach to attack!
You barely miss the orc priest.
You reach to attack!
You hit the orc priest.
The orc priest is lightly wounded.
You closely miss the orc priest. You claw the orc priest.
The orc priest is heavily wounded.
The orc priest invokes the aid of Beogh against you.
Beogh smites you!
Ouch! That really hurt!
You are too injured to fight recklessly!
You hit the orc priest. You peck the orc priest.
The orc priest is severely wounded.
The orc priest barely misses you.
Okay, then.
You barely miss the orc priest. Your peck misses the orc priest.
The orc priest is severely wounded.
You hit the orc priest.
You claw the orc priest, but do no damage.
The orc priest is almost dead.
The orc priest mumbles some strange prayers to Beogh against you.
Pain shoots through your body!
Ouch! That really hurt!
You die...

##......#...###....####.#
#......###...##......#.#
###...## ##...........#.
#....#####...##.....#.##
#...........###.....#..#
## ###...........#
##....#..####.
#.(.....###...#
##...##..##.. .........##
###.# #....#......
...###...# #@#
#....#(..... .## ##..#
###o### ##...(.###.. ##.#
#.....####..()## #.. #..
#...#...(##...## ##.
.......###....)..## #.
....(.. ##..)...# #o
#..#>. ###...## #. ##...
##..# #.. #... ....# #..


You could see an orc priest.

Vanquished Creatures
  An orc priest (D:4)
  3 gnolls (D:3)
  5 adders
  2 dart slugs
  2 orcs
  5 bats
  6 endoplasms
  2 giant cockroaches
  2 goblins
  4 hobgoblins
  3 jackals (D:2)
  4 kobolds
  5 quokkas
  5 ball pythons
  3 frilled lizards (D:1)
  4 rats (D:1)
56 creatures vanquished.

Notes
Turn   | Place    | Note
-------+----------+-------------------------------------------
     0 | D:1      | Gabide the Tengu Wanderer began the quest for the Orb.
     0 | D:1      | Gabide set off with the following items: a +2 spear, 12
                  | poisoned darts, a +0 dagger, a +0 robe; and the following
                  | spell memorised: Foxfire; and the following spells
                  | available to memorise: Inner Flame
     0 | D:1      | Reached XP level 1. HP: 10/10 MP: 3/3
   132 | D:1      | Reached XP level 2. HP: 11/15 MP: 4/4
   207 | D:1      | Reached skill level 5 in Polearms
   680 | D:1      | Reached XP level 3. HP: 10/19 MP: 5/5
   836 | D:1      | Found a faded altar of an unknown god.
  1053 | D:1      | Found Douseaf's Distillery.
  1254 | D:2      | Identified the +3 leather armour of Shielding {rElec rPois
                  | Int-3}
  1953 | D:3      | Reached skill level 6 in Polearms
  1953 | D:3      | Reached XP level 4. HP: 24/24 MP: 6/6
  2110 | D:3      | Found Xamisuox's Distillery.
  2121 | D:3      | Bought a potion of curing for 36 gold pieces
  2223 | D:3      | Found Coerass's Distillery.
  2498 | D:3      | Gained mutation: Your magical nature lets you fly swiftly
                  | and evasively. [Tengu growth]
  2498 | D:3      | Reached XP level 5. HP: 28/28 MP: 7/7
  2500 | D:3      | Identified the +4 whip "Hobropew" {freeze, rPois rN+}
  2585 | D:3      | Found Giumuen's General Store.
  2834 | D:3      | Noticed Grinder
  3133 | D:3      | Found Zufiynn's Assorted Antiques.
  3764 | D:4      | Reached skill level 7 in Polearms
  4358 | D:4      | Killed from afar by an orc priest

Illustrated notes

Levels and vault maps discovered:
D:1:      amcnicky_arrival_blooded_trapdoor, layout_basic,
          shapermc_ecumenical_altar_totnotflames, serial_shops,
          nicolae_square_shop
D:2:      layout_rooms
D:3:      layout_basic, serial_shops, nicolae_lakefront_shop, shop,
          nicolae_shop_hallway_plus, shop, minmay_diced_spiral, uniq_grinder
D:4:      layout_layer_cave, minmay_temple_entry_slanted, minmay_cut_off,
          uniq_robin

Skill      XL: |  1  2  3  4  5 |
---------------+----------------+-----
Polearms       | 5 6 7 |  7.2
Throwing       | |  2.0
Dodging        | |  1.1
Stealth        | |  1.0
Spellcasting   | |  1.0
Fire Magic     | |  1.1

Action                   |  1- 3 |  4- 6 || total
-------------------------+-------+-------++-------
Melee: Spear             |    81 |    43 ||   124
       Kick              |    13 |     8 ||    21
       Peck              |     4 |     5 ||     9
       Punch             |     1 |       ||     1
Throw: Dart              |    23 |    60 ||    83
       Javelin           |       |     4 ||     4
       Boomerang         |       |     2 ||     2
  Use: Scroll            |     2 |     5 ||     7
       Potion            |       |     1 ||     1
 Stab: Sleeping          |     3 |       ||     3
Armor: Robe              |     8 |       ||     8
       Leather armour    |       |     9 ||     9
Dodge: Dodged            |    21 |    16 ||    37
